 Dungeon Crawl Stone Soup version 0.15-a0-1439-g2e54579 (webtiles) character file.

293100 Psiweapon the Warrior (level 21, -25/237 HPs)
             Began as an Ogre Hunter on June 10, 2014.
             Was a High Priest of Qazlal.
             Killed from afar by an ancient champion (44 damage)
             ... with a bolt of negative energy
             ... on Level 2 of the Vaults on June 12, 2014.
             The game lasted 07:22:28 (70563 turns).

Psiweapon the Warrior (Ogre Hunter)                Turns: 70563, Time: 07:22:28

HP -25/237       AC 12     Str 27      XL: 21   Next: 20%
MP  30/37        EV 15     Int 13      God: Qazlal [*****.]
Gold 4692        SH  7     Dex 12      Spells: 10 memorised, 10 levels left

rFire  + + .     SeeInvis +     P - +5 giant spiked club
rCold  + + .     Clarity  .     X - +2 robe {rC+ rF+}
rNeg   . . .     rCorr    .     (shield restricted)
rPois  .         rRot     .     x - +2 hat of the Alchemist {rElec rF+ rC+ MR+}
rElec  +         Spirit   .     T - +0 cloak "Anutiam" {SInv}
SustAb .         Warding  .     (gloves unavailable)
rMut   .         Stasis   .     (boots unavailable)
Gourm  +                        r - amulet of the gourmand
MR     +++..                    d - +2,+5 ring of slaying
                                c - ring of wizardry

@: very slightly contaminated, repel missiles, heavily drained, invisible
(expiring), extremely resistant to hostile enchantments, very unstealthy
A: unfitting armour, yellow scales 1, breathe flames 2, deformed body, strong 1,
tough skin 1, evolution 1
a: Upheaval, Elemental Force, Disaster Area, Renounce Religion, Breathe Fire
}: 1/15 runes: gossamer


You were on level 2 of the Vaults.
You worshipped Qazlal.
Qazlal was extremely pleased with you.
You were very full.

You visited 9 branches of the dungeon, and saw 44 of its levels.
You visited 1 bazaar.
You also visited: Labyrinth.

You collected 6325 gold pieces.
You spent 1633 gold pieces at shops.

Inventory:

Hand weapons
 F - the +11 blowgun "Bubexaoziss" {evade, SInv}
   (You bought it in a shop on level 4 of the Orcish Mines)

   It affects your evasion (+5 to EV).
   It enhances your eyesight.
 P - a +5,+5 giant spiked club (weapon)
 Z - the +3,+3 battleaxe of Hell's Wrath {vamp, Str+2 Int+3}
   (You took it off a deep elf mage on level 3 of the Elven Halls)

   It inflicts no extra harm, but heals its wielder somewhat when it strikes a
   living foe.
   It affects your strength (+2).
   It affects your intelligence (+3).
Missiles
 b - 28 large rocks (quivered)
 p - 12 poisoned javelins
 w - 10 javelins
 A - 3 tomahawks of returning
 H - 3 steel javelins
Armour
 x - the +2 hat of the Alchemist (worn) {rElec rF+ rC+ MR+}
   (You found it on level 5 of the Dungeon)

   It protects you from fire.
   It protects you from cold.
   It insulates you from electricity.
   It affects your resistance to hostile enchantments.
 T - the +0 cloak "Anutiam" (worn) {SInv}
   (You found it on level 10 of the Dungeon)

   It enhances your eyesight.
 X - a +2 robe of resistance (worn)
Magical devices
 a - a wand of disintegration (8)
 t - a wand of draining (6)
 y - a wand of frost (14)
 L - a wand of teleportation (1)
 V - a wand of lightning (1)
 Y - a wand of cold (4)
Comestibles
 f - 24 meat rations
 I - 38 fruits
 O - 3 royal jellies
 S - 4 bread rations
Scrolls
 e - 3 scrolls of vulnerability
 g - 10 scrolls of teleportation
 l - a scroll of torment
 m - 8 scrolls of fear
 n - 25 scrolls of remove curse
 q - 10 scrolls of identify
 J - 5 scrolls of fog
 N - a scroll of magic mapping
Jewellery
 c - a ring of wizardry (left hand)
 d - a +2,+5 ring of slaying (right hand)
 r - an amulet of the gourmand (around neck)
 u - an uncursed ring of protection from fire
 v - an uncursed amulet of clarity
 z - an uncursed ring of positive energy
 B - an uncursed ring of magical power
 U - an uncursed ring of poison resistance
 W - an uncursed amulet of stasis
Potions
 s - 4 potions of magic
 C - 5 potions of might
 D - a potion of invisibility
 K - 5 potions of agility
 M - 4 potions of brilliance
 Q - 14 potions of curing
Miscellaneous
 h - a lamp of fire
 k - a phial of floods
 o - an ornate deck of defence {the Alchemist}
Rods
 j - a +4 rod of the swarm (11/11)
   (You took it off a minotaur in a labyrinth)
 G - a +4 rod of ignition (14/14)
   (You took it off a deep elf sorcerer on level 2 of the Elven Halls)


   Skills:
 - Level 20.1(16.5) Fighting
 - Level 4.3(1.9) Axes
 - Level 15.5(12.2) Maces & Flails
 - Level 11.6(8.7) Throwing
 - Level 15.4(12.2) Dodging
 - Level 0.7(0.0) Stealth
 + Level 11.0(8.1) Spellcasting
 - Level 8.6(5.9) Charms
 - Level 10.0(7.2) Translocations
 - Level 6.4(3.8) Fire Magic
 - Level 14.8(11.6) Invocations


You had 10 spell levels left.
You knew the following spells:

 Your Spells              Type           Power        Failure   Level  Hunger
a - Infusion              Chrm           ###...       1%          1    None
b - Song of Slaying       Chrm           ###.....     1%          2    None
c - Blink                 Tloc           N/A          1%          2    None
d - Apportation           Tloc           ###.......   1%          1    None
e - Swiftness             Chrm/Air       ##......     4%          2    None
f - Flight                Chrm/Air       ##........   6%          3    ##.....
g - Ring of Flames        Chrm/Fire      ###.......   100%        7    #######
h - Warp Weapon           Chrm/Tloc      ###.......   12%         5    #####..
i - Phase Shift           Tloc           ###.......   9%          5    #####..
j - Control Teleport      Chrm/Tloc      ###.......   4%          4    ####...


Dungeon Overview and Level Annotations

Branches:
Dungeon (15/15)            Temple (1/1) D:4             Orc (4/4) D:10
    Elf (3/3) Orc:4          Lair (8/8) D:10         Shoals (4/5) Lair:5
 Spider (5/5) Lair:5        Slime (0/6) Lair:8       Vaults (2/5) D:13
  Crypt (0/3) Vaults:2     Depths (2/5) D:15

Altars:
Ashenzari
Cheibriados
Dithmenos
Elyvilon
Fedhas
Gozag
Kikubaaqudgha
Makhleb
Nemelex Xobeh
Okawaru
Qazlal
Sif Muna
Trog
Vehumet
Xom
Yredelemnul
Zin
The Shining One

Shops:
D:12 *   D:13 :   Orc:3 ?   Orc:4 (%%[   Elf:3 !   Shoals:2 *   Vaults:1 !
Vaults:2 [

Portals:
Hell: Depths:1
Ziggurat: Depths:1
Trove: D:12 (give +4,+6 demon blade)

Annotations:
D:14 1 exclusion
Orc:1 1 exclusion
Elf:2 exclusion: door


Innate Abilities, Weirdness & Mutations

You are too large for most types of armour.
You have tough skin (AC +1).
You are partially covered in yellow scales (AC +2).
You can breathe fire.
Armour fits poorly on your strangely shaped body.
Your muscles are strong. (Str +2)
You evolve.


Message History

The ancient champion gestures at you while chanting.
The stone arrow misses you.
The ancient champion gestures at something while chanting.
The stone arrow misses you.
The ancient champion is engulfed in roaring flames.
The ancient champion hits you with a runed great mace!
* * * LOW HITPOINT WARNING * * *
x2 Your +5,+5 giant spiked club seems straighter.
The ancient champion is engulfed in roaring flames.
The ancient champion points at something and mumbles some strange words.
The stone arrow misses you.
The ancient champion gestures at you while chanting.
The stone arrow misses you.
The ancient champion is engulfed in freezing vapours.
You flicker for a moment.
The ancient champion casts a spell at you.
The stone arrow misses you.
The ancient champion gestures at something while chanting.
The bolt of negative energy hits you!
You feel drained.
You die...

#....# #.(.#
#....# #...#
#..§z# #####
#....# #....#
#..§.# #.§)§#
#..).# #..§@#
#..§.# #....#
#....#
#....#############
#....#...........#
#....#.#.......#.#
#....#...|.......#
#....#...8###8...#


You could see an ancient champion.

Vanquished Creatures
  Nikola (Elf:3)
  Arachne (Spider:3)
  Asterion (Shoals:2)
  2 deep elf blademasters (Elf:3)
  2 deep elf master archers (Elf:3)
  A lich (Depths:1)
  Rupert (Lair:4)
  Roxanne (Elf:1)
  3 fire giants
  A frost giant (Depths:2)
  4 vault wardens
  4 ghost moths (Spider:5)
  7 emperor scorpions
  An orc warlord (Orc:4)
  7 deep elf sorcerers
  Aizul (Vaults:1)
  Louise (Shoals:1)
  Jorgrun (Shoals:2)
  2 rakshasas (Depths:2)
  3 deep elf demonologists
  5 stone giants
  Azrael (Elf:1)
  9 deep elf annihilators
  A dire elephant (Depths:1)
  A merfolk javelineer (Shoals:3)
  8 deep elf death magi
  A minotaur (Lab)
  5 vault guards
  A fire dragon (Depths:1)
  3 jiangshi
  2 merfolk impalers
  2 ironheart preservers
  2 sirens
  3 deep elf high priests
  4 great orbs of eyes
  10 hydras
  Fannar (Lair:4)
  6 yaktaur captains
  4 ice dragons
  Nessos (D:15)
  3 deep troll earth magi
  3 tengu warriors
  9 death yaks
  4 deep troll shamans
  A vampire mage (D:15)
  6 ogre magi
  3 centaur warriors
  4 spectral elves
  Urug (D:14)
  A sun demon (Elf:3)
  3 very ugly things (Depths:1)
  2 orc high priests (Elf:1)
  An iron troll (Depths:2)
  16 deep elf knights
  2 flayed ghosts (Depths:1)
  A giant orange brain (shapeshifter) (Elf:2)
  4 skeletal warriors
  4 sea snakes
  13 deep trolls
  6 ironbrand convokers
  19 orb spiders
  2 water nymphs
  4 deep elf summoners
  Erolcha (D:8)
  2 unseen horrors
  10 hill giants
  4 wizards
  2 necromancers
  Joseph (D:9)
  5 manticores
  9 deep elf conjurers
  A harpy (Shoals:3)
  29 wolf spiders
  7 orc knights
  6 orc sorcerers
  A phantasmal warrior (D:15)
  6 cyclopes
  A fire giant zombie (Vaults:2)
  The ghost of Zooty the Slicer, an experienced VSAs of Yredelemnul (D:7)
  A faun (Shoals:1)
  A human zombie (Vaults:2)
  8 griffons
  14 elephants
  A cyclops (shapeshifter) (Depths:2)
  5 mermaids
  2 moths of wrath
  5 red wasps
  A sixfirhy (Elf:3)
  A moth of wrath (shapeshifter) (Depths:1)
  4 vault sentinels
  Maurice (D:9)
  4 black mambas
  2 small abominations
  7 komodo dragons
  A feature mimic (Lair:3)
  Psyche (D:13)
  49 yaktaurs
  18 jumping spiders
  5 demonic crawlers
  4 tengu conjurers
  33 spiny frogs
  3 centaur skeletons
  A queen bee (shapeshifter) (D:14)
  20 deep elf priests
  14 two-headed ogres
  2 fire drakes
  16 trolls
  9 merfolk
  A queen bee (D:13)
  26 slime creatures
  2 freezing wraiths
  4 wind drakes
  3 polar bears
  A catoblepas zombie (D:10)
  A brown ooze (shapeshifter) (Elf:2)
  A fire dragon zombie (Depths:1)
  A giant leech (Lair:8)
  5 snapping turtles
  A red wasp zombie (D:13)
  18 blink frogs
  A boulder beetle (shapeshifter) (Elf:2)
  3 boulder beetles
  11 ravens
  20 trapdoor spiders
  A fire dragon skeleton (D:13)
  A griffon zombie (D:12)
  3 water elementals
  4 basilisks
  2 spriggans
  2 shadows
  14 tarantellas
  34 yaks
  A spriggan (shapeshifter) (Elf:1)
  25 deep elf magi
  A flying skull (Vaults:2)
  20 ugly things
  A tarantella (shapeshifter) (Elf:3)
  41 vampire mosquitoes
  2 vampires
  A griffon skeleton (D:14)
  An elf zombie (Elf:1)
  17 sharks
  47 redbacks
  4 hungry ghosts
  Grum (D:9)
  2 wolves (D:9)
  31 deep elf fighters
  4 wraiths
  4 fire elementals (Elf:1)
  4 wyverns
  A hill giant skeleton (D:12)
  10 hippogriffs
  4 wargs
  A wolf (shapeshifter) (Vaults:1)
  A soldier ant (D:13)
  20 water moccasins
  A mottled dragon (D:11)
  An ettin simulacrum (Vaults:2)
  18 spiders
  7 phantoms
  5 ice beasts
  3 sky beasts
  4 black bears
  2 hell hounds (Elf:1)
  13 porcupines
  5 necrophages
  4 yellow wasps
  4 orc zombies
  2 boring beetles
  20 centaurs
  28 orc warriors
  42 ogres
  A manticore skeleton (D:15)
  Sigmund (D:2)
  3 big kobolds
  A lava worm (Orc:1)
  A lost soul (Elf:2)
  2 brain worms
  9 crocodiles
  Blork the orc (D:4)
  2 cyclops zombies
  40 giant frogs
  A yaktaur skeleton (D:14)
  An insubstantial wisp (Lair:4)
  A wyvern zombie (D:8)
  A cyclops skeleton (D:15)
  A warg zombie (Orc:4)
  A human simulacrum (Vaults:2)
  8 scorpions
  An eye of draining (D:15)
  39 killer bees
  13 electric eels
  12 wights
  12 big fish
  15 orc priests
  10 crimson imps
  An iron imp (Depths:1)
  4 jellies
  A quasit (D:11)
  10 hounds
  41 orc wizards
  10 iguanas
  23 sheep
  A shapeshifter simulacrum (D:15)
  9 worker ants
  A mottled dragon skeleton (D:15)
  A mummy (D:8)
  7 gnolls
  29 adders
  A hound simulacrum (D:8)
  37 green rats
  An ogre simulacrum (D:8)
  A giant mite (D:4)
  An inept feature mimic (D:8)
  An inept item mimic (D:6)
  A worm (D:4)
  4 shadow imps
  An ufetubus (D:8)
  3 white imps (D:8)
  An orc skeleton (D:9)
  A giant gecko (D:2)
  An ooze (D:2)
  199 orcs
  6 ball pythons
  6 giant cockroaches
  20 goblins
  20 hobgoblins
  16 jackals
  36 kobolds
  8 quokkas
  17 bats
  12 giant newts
  3 giant spores
  A gnoll zombie (D:8)
  2 hobgoblin simulacra (D:8)
  A hobgoblin zombie (D:6)
  2 kobold skeletons
  13 rats
  A rat simulacrum (D:8)
  14 ballistomycetes
  3 bushes
  A butterfly (Lair:7)
  56 fungi
  56 plants
1971 creatures vanquished.

Vanquished Creatures (collateral kills)
  A deep elf demonologist (Elf:3)
  3 slime creatures (D:12)
  A water elemental (Elf:3)
  2 basilisks
  An ice beast (D:12)
  2 mummies
10 creatures vanquished.

Vanquished Creatures (others)
  The ghost of Herrn the Executioner, a mighty MiFi of Cheibriados (Spider:5)
  2 vault wardens
  An ironheart preserver (Vaults:1)
  A skeletal warrior (Vaults:1)
  An orc knight (Orc:4)
  A cyclops (Orc:4)
  A drowned soul (Shoals:1)
  2 slime creatures (Vaults:1)
  A human zombie (Vaults:2)
  A tarantella (Spider:2)
  4 air elementals
  A water elemental (Elf:3)
  A fire elemental (Depths:2)
  A deep elf mage (Elf:1)
  A shark (Spider:5)
  A spider (Spider:1)
  A scorpion (Lair:7)
  A killer bee (Lair:7)
  A tengu skeleton (D:15)
  A goliath beetle (Lair:3)
  A worker ant (Lair:7)
  An orc wizard (Vaults:2)
  4 giant spores
  2 fungi
  4 plants
  8 tentacle segments (Shoals:4)
45 creatures vanquished.

Grand Total: 2026 creatures vanquished

Notes
Turn   | Place    | Note
--------------------------------------------------------------
     0 | D:1      | Psiweapon, the Ogre Hunter, began the quest for the Orb.
     0 | D:1      | Reached XP level 1. HP: 22/22 MP: 1/1
   246 | D:1      | Reached XP level 2. HP: 26/29 MP: 2/2
   591 | D:1      | Reached XP level 3. HP: 36/36 MP: 3/3
  1360 | D:2      | Reached XP level 4. HP: 41/44 MP: 4/4
  1376 | D:2      | Reached skill level 5 in Throwing
  1480 | D:2      | Noticed Sigmund
  1483 | D:2      | Killed Sigmund
  1483 | D:2      | Reached skill level 5 in Maces & Flails
  1483 | D:2      | Reached XP level 5. HP: 50/50 MP: 5/5
  3577 | D:3      | Reached XP level 6. HP: 56/62 MP: 6/6
  3600 | D:3      | Reached skill level 6 in Maces & Flails
  4252 | D:4      | Reached skill level 5 in Fighting
  4434 | D:4      | Noticed Blork the orc
  4456 | D:4      | Reached XP level 7. HP: 45/72 MP: 7/7
  4484 | D:4      | Killed Blork the orc
  4484 | D:4      | Reached skill level 7 in Maces & Flails
  4753 | D:4      | Noticed a hippogriff
  4764 | D:4      | Killed a hippogriff
  5278 | D:4      | Reached skill level 8 in Maces & Flails
  5588 | D:4      | Found a staircase to the Ecumenical Temple.
  5657 | D:5      | Entered Level 5 of the Dungeon
  5859 | D:5      | Reached XP level 8. HP: 84/87 MP: 8/8
  5890 | Temple   | Entered the Ecumenical Temple
  5911 | Temple   | Became a worshipper of Qazlal Stormbringer
  6603 | D:6      | Reached skill level 9 in Maces & Flails
  6949 | D:6      | Acquired Qazlal's first power
  7036 | D:6      | Found an opulent altar of Gozag.
  7408 | D:6      | Reached skill level 10 in Maces & Flails
  7472 | D:6      | Found a shimmering altar of Xom.
  7918 | D:7      | Reached XP level 9. HP: 61/100 MP: 5/9
  8116 | D:7      | Noticed Zooty's ghost (experienced VSAs)
  8120 | D:7      | Killed Zooty's ghost
  8120 | D:7      | Reached skill level 10 in Fighting
  8120 | D:7      | Reached skill level 11 in Maces & Flails
  8654 | D:7      | Acquired Qazlal's second power
  8753 | D:8      | Noticed Erolcha
  8760 | D:8      | Killed Erolcha
  9133 | D:8      | Reached XP level 10. HP: 26/113 MP: 4/17
  9308 | D:8      | Noticed a polar bear
  9314 | D:8      | Killed a polar bear
  9459 | D:8      | Reached skill level 5 in Invocations
  9627 | D:8      | Noticed a polar bear
  9631 | D:8      | Killed a polar bear
  9984 | D:8      | Found a deep blue altar of Sif Muna.
 10233 | D:9      | Reached skill level 5 in Dodging
 10439 | D:10     | Entered Level 10 of the Dungeon
 10439 | D:10     | Found a staircase to the Orcish Mines.
 10476 | D:10     | Got a slimy cloak
 10481 | D:10     | Identified the +0 cloak "Anutiam" {SInv} (You found it on level 10 of the Dungeon)
 10509 | D:10     | Found a staircase to the Lair.
 10527 | D:10     | Acquired Qazlal's third power
 10780 | D:9      | Noticed Maurice
 10795 | D:9      | Killed Maurice
 11090 | D:9      | Reached XP level 11. HP: 110/120 MP: 22/22
 11263 | D:9      | Noticed Joseph
 11271 | D:9      | Killed Joseph
 11390 | D:9      | Noticed Grum
 11402 | D:9      | Killed Grum
 11837 | Lair:1   | Entered Level 1 of the Lair of Beasts
 11882 | Lair:1   | Found a labyrinth entrance.
 11891 | Lab      | Entered a labyrinth
 12736 | Lab      | Noticed a minotaur
 12746 | Lab      | Killed a minotaur
 12758 | Lab      | Identified the Volume of Self-Knowledge
 12771 | Lab      | Identified a +4 rod of shadows (10/10) (You found it in a labyrinth)
 13561 | Lair:1   | Learned a level 1 spell: Infusion
 13580 | Lair:2   | Reached skill level 10 in Invocations
 13756 | Lair:2   | Noticed an eight-headed hydra
 13767 | Lair:2   | Killed an eight-headed hydra
 13767 | Lair:2   | Reached skill level 1 in Charms
 14119 | Lair:2   | Noticed a five-headed hydra
 14128 | Lair:2   | Killed a five-headed hydra
 14129 | Lair:2   | Reached XP level 12. HP: 102/130 MP: 17/25
 14208 | Lair:2   | Acquired Qazlal's fourth power
 14640 | Lair:3   | Noticed a six-headed hydra
 14650 | Lair:3   | Killed a six-headed hydra
 14894 | Lair:4   | Noticed Rupert
 14902 | Lair:4   | Noticed Fannar
 14923 | Lair:4   | Killed Rupert
 14928 | Lair:4   | Killed Fannar
 14928 | Lair:4   | Reached skill level 10 in Dodging
 15489 | Lair:3   | Reached skill level 5 in Charms
 15688 | Lair:3   | Identified a +4 rod of the swarm (11/11) (You took it off a minotaur in a labyrinth)
 16082 | Lair:3   | Noticed a five-headed hydra
 16088 | Lair:3   | Killed a five-headed hydra
 16143 | Lair:3   | Noticed an eight-headed hydra
 16146 | Lair:3   | Killed an eight-headed hydra
 16373 | Lair:3   | Found a staircase to the Swamp.
 16379 | Lair:3   | the staircase to the Swamp was a mimic.
 16498 | Lair:4   | Reached XP level 13. HP: 105/137 MP: 22/27
 16864 | Lair:4   | Reached skill level 12 in Fighting
 17540 | Lair:5   | Found a staircase to the Shoals.
 17582 | Lair:5   | Found a hole to the Spider Nest.
 17775 | Lair:1   | Identified a scroll of acquirement
 17801 | Lair:1   | Learned a level 2 spell: Song of Slaying
 18419 | Lair:6   | Acquired Qazlal's fifth power
 18447 | Lair:5   | HP: 6/141 [black mamba (8)]
 18661 | Lair:5   | Reached skill level 13 in Fighting
 18947 | Lair:6   | Learned a level 2 spell: Blink
 19677 | Lair:6   | Reached skill level 14 in Fighting
 20385 | Lair:6   | Reached XP level 14. HP: 124/157 MP: 23/27
 21194 | Lair:6   | Reached skill level 15 in Fighting
 21984 | Lair:7   | Learned a level 1 spell: Apportation
 22410 | Lair:7   | Got a pitted demon whip
 22411 | Lair:7   | Identified the +5,+8 demon whip "Kisoafy" {pain, Dex-2} (You found it on level 7 of the Lair of Beasts)
 22832 | D:11     | Reached skill level 1 in Spellcasting
 23011 | D:11     | Noticed an unseen horror
 23015 | D:11     | Killed an unseen horror
 23378 | D:11     | Noticed a hill giant
 23381 | D:11     | Killed a hill giant
 24031 | D:12     | Found a sparkling altar of Nemelex Xobeh.
 24036 | D:12     | Found a portal to a secret trove of treasure.
 24112 | D:12     | Found Xagraiw's Assorted Antiques.
 24561 | D:14     | Reached skill level 16 in Fighting
 25176 | Lair:1   | Upgraded the game from 0.15-a0-1387-gd422dff to 0.15-a0-1403-g2cecdf4
 25465 | Lair:8   | Entered Level 8 of the Lair of Beasts
 25477 | Lair:8   | Reached skill level 5 in Spellcasting
 26289 | Lair:8   | Reached XP level 15. HP: 137/172 MP: 20/29
 26363 | Lair:8   | Reached skill level 17 in Fighting
 26957 | Lair:8   | Reached skill level 1 in Translocations
 27157 | Lair:8   | Found a staircase to the Slime Pits.
 29275 | D:13     | Found Thul's Book Shoppe.
 29303 | D:13     | Noticed Psyche
 29320 | D:13     | Killed Psyche
 29495 | D:13     | Found a gate to the Vaults.
 30492 | D:14     | Noticed Urug
 30501 | D:14     | Killed Urug
 30688 | D:14     | Learned a level 2 spell: Swiftness
 30692 | D:14     | Learned a level 3 spell: Flight
 30830 | D:14     | Noticed a fire giant
 30841 | D:14     | Killed a fire giant
 32514 | D:15     | Entered Level 15 of the Dungeon
 32667 | D:15     | Found a staircase to the Depths.
 33672 | D:15     | Reached XP level 16. HP: 183/183 MP: 30/30
 33693 | D:15     | Noticed Nessos
 33708 | D:15     | Killed Nessos
 34553 | Spider:1 | Entered Level 1 of the Spider Nest
 34680 | Spider:1 | Reached skill level 10 in Throwing
 34992 | Spider:1 | Reached skill level 15 in Maces & Flails
 36836 | Orc:1    | Entered Level 1 of the Orcish Mines
 38501 | Temple   | Received a gift from Qazlal (AC+3)
 39145 | Orc:3    | Found Toma Him's Magic Scroll Emporium.
 39153 | Orc:3    | Bought a scroll of blinking for 90 gold pieces
 39626 | Orc:4    | Entered Level 4 of the Orcish Mines
 39969 | Orc:4    | Reached skill level 18 in Fighting
 41168 | Orc:4    | Found a staircase to the Elven Halls.
 41191 | Orc:4    | Found Poot's Food Boutique.
 41196 | Orc:4    | Found Cimaiw's Antique Weapon Emporium.
 41201 | Orc:4    | Found Gefiazxi's Armour Shop.
 41201 | Orc:4    | Found Shie's Food Boutique.
 41214 | Orc:4    | Bought a polished blowgun for 217 gold pieces
 41215 | Orc:4    | Identified the +11 blowgun "Bubexaoziss" {evade, SInv} (You bought it in a shop on level 4 of the Orcish Mines)
 41782 | Spider:2 | Got a jewelled great sword
 41783 | Spider:2 | Identified the cursed +3,+1 great sword "Temeejad" {flame, rPois rC++ Dex+3} (You found it on level 2 of the Spider Nest)
 43208 | Spider:3 | Noticed Arachne
 43571 | Spider:3 | Reached XP level 17. HP: 134/196 MP: 13/31
 44029 | Spider:3 | Killed Arachne
 44029 | Spider:3 | Reached skill level 19 in Fighting
 45495 | Spider:4 | Got a crude robe
 45496 | Spider:4 | Identified the +3 robe "Misip" {Str+2 Int-5} (You found it on level 4 of the Spider Nest)
 45913 | Lair:1   | Learned a level 7 spell: Ring of Flames
 46016 | Shoals:1 | Entered Level 1 of the Shoals
 46264 | Shoals:1 | Reached skill level 1 in Fire Magic
 46281 | Shoals:1 | Noticed Louise
 46289 | Shoals:1 | Killed Louise
 46930 | Shoals:2 | Noticed Asterion
 46934 | Shoals:2 | Noticed a spectral weapon
 46937 | Shoals:2 | Noticed Jorgrun
 46945 | Shoals:2 | Killed Asterion
 46965 | Shoals:2 | Killed Jorgrun
 47714 | Shoals:2 | Reached skill level 20 in Fighting
 47717 | Shoals:2 | HP: 7/201 [merfolk/spear (11)]
 48535 | Shoals:2 | Found Fronifez's General Store.
 48541 | Shoals:2 | Bought a scroll of identify for 30 gold pieces
 48541 | Shoals:2 | Bought a scroll of enchant weapon II for 82 gold pieces
 48541 | Shoals:2 | Bought a scroll of fog for 30 gold pieces
 48541 | Shoals:2 | Bought a scroll of enchant weapon I for 52 gold pieces
 49499 | Elf:1    | Entered Level 1 of the Elven Halls
 50312 | Elf:1    | Noticed Roxanne
 50325 | Elf:1    | Killed Roxanne
 50325 | Elf:1    | Reached XP level 18. HP: 111/210 MP: 29/32
 50774 | Elf:1    | Noticed Azrael
 51169 | Elf:1    | Killed Azrael
 52074 | Depths:1 | Entered Level 1 of the Depths
 52094 | Depths:1 | Reached skill level 5 in Fire Magic
 53511 | Depths:1 | Found a gateway to a ziggurat.
 54254 | Depths:1 | Gained mutation: You can breathe flames. [mutagenic meat]
 54255 | Depths:1 | Gained mutation: You evolve. [mutagenic meat]
 54595 | Depths:1 | Gained mutation: Your muscles are strong. (Str +2) [evolution]
 54605 | Depths:1 | Found a gateway to Hell.
 55176 | Depths:2 | Paralysed by a great orb of eyes for 2 turns
 55178 | Depths:2 | Found a flickering gateway to a bazaar.
 55196 | Bazaar   | Entered a bazaar
 55200 | Bazaar   | Found Arenuoh's Weapon Shop.
 55219 | Bazaar   | Found Clejo's Armour Boutique.
 55219 | Bazaar   | Found Skaisetu's Armour Shop.
 55253 | Bazaar   | Found Strij's Magic Scroll Boutique.
 55259 | Bazaar   | Bought a scroll of identify for 24 gold pieces
 55259 | Bazaar   | Bought a scroll of identify for 24 gold pieces
 55259 | Bazaar   | Bought a scroll of identify for 24 gold pieces
 55259 | Bazaar   | Bought a scroll of identify for 24 gold pieces
 55259 | Bazaar   | Bought a scroll of teleportation for 36 gold pieces
 55259 | Bazaar   | Bought a scroll of torment for 90 gold pieces
 55259 | Bazaar   | Bought a scroll of enchant weapon I for 42 gold pieces
 55259 | Bazaar   | Bought a scroll of identify for 24 gold pieces
 55259 | Bazaar   | Bought a scroll of fog for 24 gold pieces
 55259 | Bazaar   | Bought a scroll of recharging for 114 gold pieces
 55259 | Bazaar   | Bought a scroll of vulnerability for 90 gold pieces
 55283 | Bazaar   | Bought a +2 robe of magic resistance for 247 gold pieces
 57032 | Elf:2    | Gained mutation: You can breathe fire. [mutagenic meat]
 57044 | Elf:2    | Got a steaming short sword
 57214 | Elf:2    | Reached XP level 19. HP: 197/219 MP: 33/33
 57699 | Elf:3    | Entered Level 3 of the Elven Halls
 57699 | Elf:3    | Found Gaereuko's Distillery.
 57712 | Elf:3    | Bought a potion of heal wounds for 51 gold pieces
 57712 | Elf:3    | Bought 2 potions of heal wounds for 102 gold pieces
 57712 | Elf:3    | Bought a potion of curing for 34 gold pieces
 57712 | Elf:3    | Bought a potion of curing for 34 gold pieces
 57712 | Elf:3    | Bought a potion of might for 42 gold pieces
 57712 | Elf:3    | Bought a potion of agility for 42 gold pieces
 58324 | Elf:3    | Noticed Nikola
 58805 | Elf:3    | Killed Nikola
 58822 | Elf:2    | Identified a +4 rod of ignition (14/14) (You took it off a deep elf sorcerer on level 2 of the Elven Halls)
 58963 | Elf:3    | Reached skill level 15 in Dodging
 59802 | Elf:3    | Got a shimmering broad axe {venom}
 59811 | Elf:2    | Identified the cursed +2,+3 broad axe "Klaenaol" {venom, +Blink rC+ Str+2} (You took it off a deep elf annihilator on level 3 of the Elven Halls)
 59819 | Elf:2    | Gained mutation: You are partially covered in yellow scales (AC +2). [evolution]
 60388 | Elf:3    | Got a slimy battleaxe {vamp}
 60396 | Elf:2    | Identified the +3,+3 battleaxe of Hell's Wrath {vamp, Str+2 Int+3} (You took it off a deep elf mage on level 3 of the Elven Halls)
 60615 | Elf:3    | Reached skill level 1 in Axes
 60705 | Elf:3    | Identified a +2 rod of striking (13/14) (You took it off a deep elf annihilator on level 3 of the Elven Halls)
 60917 | Elf:3    | Identified Smyrowigg's Papyrus of Creation (You found it on level 3 of the Elven Halls)
 60926 | Elf:3    | Learned a level 5 spell: Warp Weapon
 60932 | Elf:3    | Learned a level 5 spell: Phase Shift
 61155 | Lair:1   | Learned a level 4 spell: Control Teleport
 61345 | Elf:3    | Got a faintly glowing shortbow
 61401 | Elf:3    | Identified the Tome of the Supportive Blaze
 61433 | Elf:3    | Got a jewelled crossbow
 61603 | Lair:1   | Identified the +7,+7 crossbow "Zelureny" {elec, rPois} (You found it on level 3 of the Elven Halls)
 61821 | Spider:5 | Entered Level 5 of the Spider Nest
 62111 | Spider:5 | Noticed Herrn's ghost (mighty MiFi)
 62450 | Spider:5 | Banished Herrn's ghost
 62681 | Spider:5 | Reached skill level 5 in Translocations
 62681 | Spider:5 | Reached XP level 20. HP: 210/228 MP: 35/35
 64098 | Spider:5 | Got a gossamer rune of Zot
 64753 | Vaults:1 | Entered Level 1 of the Vaults
 64753 | Vaults:1 | Found Tebaer's Distillery.
 64756 | Vaults:1 | Bought a potion of curing for 32 gold pieces
 64756 | Vaults:1 | Bought a potion of curing for 32 gold pieces
 64949 | Vaults:1 | Gained mutation: Armour fits poorly on your strangely shaped body. [mutagenic glow]
 65839 | Vaults:1 | Noticed Aizul
 65849 | Vaults:1 | Killed Aizul
 68071 | Vaults:2 | Found Bracu's Antique Armour Boutique.
 68116 | Vaults:2 | Found a staircase to the Crypt.
 68147 | Vaults:2 | Reached skill level 10 in Translocations
 68469 | Lair:1   | Upgraded the game from 0.15-a0-1403-g2cecdf4 to 0.15-a0-1439-g2e54579
 69422 | Vaults:2 | Reached XP level 21. HP: 73/237 MP: 26/36
 69529 | Vaults:2 | HP: 10/237 [orc knight/dire flail (26)]
 69534 | Vaults:1 | HP: 8/237 [stone giant (26)]
 70046 | Vaults:2 | Reached skill level 10 in Spellcasting
 70563 | Vaults:2 | Killed from afar by an ancient champion

Action                   |  1- 3 |  4- 6 |  7- 9 | 10-12 | 13-15 | 16-18 | 19-21 || total
-------------------------+-------+-------+-------+-------+-------+-------+-------++-------
Melee: Club              |   118 |    75 |       |       |       |       |       ||   193
       Whip              |       |   119 |   223 |       |       |       |       ||   342
       Giant spiked club |       |       |   143 |   370 |  1129 |  1141 |   662 ||  3445
       Battleaxe         |       |       |       |       |       |       |    20 ||    20
 Fire: Blowgun           |       |    74 |    53 |    18 |    13 |    94 |       ||   252
Throw: Large rock        |     3 |    13 |    15 |    14 |    45 |   218 |   156 ||   464
       Stone             |    31 |    30 |       |       |       |       |       ||    61
       Tomahawk          |       |     6 |    20 |    86 |    36 |    61 |    11 ||   220
       Throwing net      |       |     4 |     2 |       |       |       |       ||     6
       Javelin           |       |       |       |    24 |    61 |    19 |   151 ||   255
 Cast: Infusion          |       |       |       |     3 |    25 |    23 |     4 ||    55
       Song of Slaying   |       |       |       |       |    27 |    39 |    37 ||   103
       Swiftness         |       |       |       |       |       |     2 |       ||     2
       Flight            |       |       |       |       |       |     4 |       ||     4
       Blink             |       |       |       |       |       |       |     3 ||     3
       Phase Shift       |       |       |       |       |       |       |    42 ||    42
       Warp Weapon       |       |       |       |       |       |       |    37 ||    37
       Control Teleport  |       |       |       |       |       |       |     2 ||     2
Invok: Upheaval          |       |       |     1 |     4 |    20 |    43 |    16 ||    84
       Disaster Area     |       |       |       |       |     2 |     4 |       ||     6
       Elemental Force   |       |       |       |       |     1 |     2 |     1 ||     4
 Abil: Breathe Fire      |       |       |       |       |       |     2 |     1 ||     3
Evoke: Wand              |       |       |       |    20 |     5 |    18 |    10 ||    53
       Rod               |       |       |       |     1 |     7 |       |       ||     8
  Use: Potion            |       |       |     1 |     4 |     4 |    16 |     8 ||    33
       Scroll            |       |       |       |    20 |    28 |    17 |    20 ||    85
 Stab: Sleeping          |       |     2 |     1 |       |       |       |       ||     3
